 Dungeon Crawl Stone Soup version 0.20.1-1-g8b1a95d (webtiles) character file.

72 Knicklaso the Bolt Thrower (level 4, -15/27 HPs)
             Began as a Kobold Hunter on July 29, 2017.
             Demolished by Knicklaso's ghost (20 damage)
             ... on level 3 of the Dungeon.
             The game lasted 00:04:50 (2471 turns).

Knicklaso the Bolt Thrower (Kobold Hunter)          Turns: 2471, Time: 00:04:51

Health: -15/27     AC:  3    Str:  9    XL:     4   Next: 50%
Magic:  4/4        EV: 15    Int: 12    God:
Gold:   101        SH:  0    Dex: 16    Spells: 3/3 levels left

rFire    . . .     SeeInvis .   b - +0 short sword
rCold    . . .     Gourm    .   (shield restricted)
rNeg     . . .     Faith    .   c - +0 leather armour
rPois    +         Spirit   .   (no helmet)
rElec    .         Reflect  .   (no cloak)
rCorr    .         Harm     .   (no gloves)
MR       .....                  (no boots)
Stlth    ++........             (no amulet)
Regen    0.1/turn               h - ring of poison resistance
MPRegen  0.1/turn               (no ring)

@: no status effects
A: carnivore 3
a: no special abilities


You were on level 3 of the Dungeon.
You were completely stuffed.

You visited 1 branch of the dungeon, and saw 3 of its levels.

You collected 101 gold pieces.

Inventory:

Hand Weapons
 a - a +1 hand crossbow
 b - a +0 short sword (weapon)
Missiles
 d - 57 bolts
Armour
 c - a +0 leather armour (worn)
Jewellery
 h - a ring of poison resistance (left hand)
Scrolls
 e - 2 scrolls of identify {unknown}
 j - 2 scrolls of teleportation {unknown}
 m - a scroll of recharging {unknown}
 o - a scroll of random uselessness {unknown}
 p - 2 scrolls of remove curse {unknown}
 r - a scroll of amnesia {unknown}
Potions
 i - a potion of resistance {unknown}
 k - a potion of brilliance {unknown}
 l - a potion of curing
 n - a potion of heal wounds {unknown}
Comestibles
 f - a meat ration
 g - 2 royal jellies
 q - a chunk of flesh


   Skills:
 + Level 2.5 Fighting
 * Level 2.4 Short Blades
 + Level 5.2 Crossbows
 + Level 3.2 Dodging
 + Level 2.7 Stealth


You had 3 spell levels left.
You didn't know any spells.

Dungeon Overview and Level Annotations

Branches:
Dungeon (3/15)

Altars:
Uskayaw

Annotations:
D:3 Knicklaso's ghost, amateur DsCK


Innate Abilities, Weirdness & Mutations

You are small and have problems with some larger weapons.
You are carnivorous and can eat meat at any time.


Message History

A kobold comes into view. It is wielding a short sword.
The kobold shouts!
You hit Knicklaso's ghost but do no damage.
Knicklaso's ghost is lightly damaged.
You closely miss Knicklaso's ghost.
Knicklaso's ghost is lightly damaged.
Knicklaso's ghost misses you.
You hit Knicklaso's ghost but do no damage.
Knicklaso's ghost is lightly damaged.
Knicklaso's ghost closely misses you.
You barely miss Knicklaso's ghost.
Knicklaso's ghost is lightly damaged.
Knicklaso's ghost completely misses you.
You hit Knicklaso's ghost but do no damage.
Knicklaso's ghost is lightly damaged.
Knicklaso's ghost hits you!
* * * LOW HITPOINT WARNING * * *
You are electrocuted!
Ouch! That really hurt!
You die...

.... #....#..#
..(..#...(...
.............
......#.....
.........K.>
..........(.#
........#.W.####.#
..........@.$.....
........................
......###..#.##.........
##................####..
.......##..#.........# .
#....# #..#)##........
##....###..#.##........
.......................
...............#.......


You could see Knicklaso's ghost and a kobold.

Vanquished Creatures
  An adder (D:2)
  A worm (D:2)
  6 dart slugs (D:1)
  2 leopard geckos (D:2)
  An orc (D:2)
  6 bats
  7 goblins
  6 hobgoblins
  6 jackals
  5 kobolds
41 creatures vanquished.

Notes
Turn   | Place    | Note
-------+----------+-------------------------------------------
     0 | D:1      | Knicklaso the Kobold Hunter began the quest for the Orb.
     0 | D:1      | Reached XP level 1. HP: 12/12 MP: 1/1
    54 | D:1      | Reached skill level 5 in Crossbows
   131 | D:1      | Reached skill level 1 in Short Blades
   131 | D:1      | Reached XP level 2. HP: 17/17 MP: 2/2
   691 | D:1      | Reached XP level 3. HP: 22/22 MP: 3/3
  1256 | D:2      | Found a hide-covered altar of Uskayaw.
  1575 | D:2      | Reached XP level 4. HP: 27/27 MP: 4/4
  1701 | D:2      | HP: 1/27 [poisoned by an adder]
  2458 | D:3      | Noticed Knicklaso's ghost (amateur DsCK)
  2471 | D:3      | Demolished by Knicklaso's ghost

Skill      XL: |  1  2  3 |
---------------+----------+-----
Crossbows      | 5 |  5.2
Short Blades   | 1 2 |  2.4
Dodging        | 3 |  3.2
Stealth        | 2 |  2.7
Fighting       | |  2.5

Action                   |  1- 3 |  4- 6 || total
-------------------------+-------+-------++-------
Melee: Short sword       |    79 |    53 ||   132
 Fire: Hand crossbow     |    30 |    25 ||    55
  Use: Potion            |       |     1 ||     1
 Stab: Sleeping          |     2 |       ||     2
  Eat: Chunk             |    10 |     3 ||    13
Armor: Leather armour    |    17 |     4 ||    21
Dodge: Dodged            |    61 |    43 ||   104
